 Dungeon Crawl Stone Soup version 0.30-a0-159-g068b764562 (webtiles) character file.

Game seed: 5386076850753496510

49 Newt the Chopper (level 3, -2/31 HPs)
             Began as a Minotaur Berserker on Sept 27, 2022.
             Was a Follower of Trog.
             Killed from afar by a white imp (5 damage)
             ... with a puff of frost
             ... summoned by Natasha
             ... on level 3 of the Dungeon.
             The game lasted 00:01:52 (2060 turns).

Newt the Chopper (Minotaur Berserker)               Turns: 2060, Time: 00:01:52

Health: -2/31      AC:  6    Str: 23    XL:     3   Next: 53%
Magic:  2/2        EV: 12    Int:  4    God:    Trog [*.....]
Gold:   59         SH:  0    Dex:  9    Spells: 2/2 levels left

rFire   . . .      SeeInvis .    a - +0 hand axe
rCold   . . .      Faith    .    (no shield)
rNeg    . . .      Spirit   .    b - +0 animal skin
rPois   .          Reflect  .    (helmet restricted)
rElec   .          Harm     .    (no cloak)
rCorr   .          Rampage  .    k - +1 pair of gloves
Will    .....                    l - +1 pair of boots {Fly}
Stlth   ++........               (no amulet)
HPRegen 0.10/turn                (no ring)
MPRegen 0.08/turn                (no ring)

@: flying, slowed, very slow
A: horns 2, retaliatory headbutt
a: Renounce Religion, Berserk


You were on level 3 of the Dungeon.
You worshipped Trog.
Trog was aware of your devotion.
You visited 1 branch of the dungeon, and saw 3 of its levels.

You collected 59 gold pieces.

Inventory:

Hand Weapons
 a - a +0 hand axe (weapon)
 i - a +0 dagger of venom
Armour
 b - a +0 animal skin (worn)
 k - a +1 pair of gloves (worn)
 l - a +1 pair of boots of flying (worn)
 m - a +0 buckler
Scrolls
 d - a scroll of noise {unknown}
 e - a scroll of brand weapon {unknown}
 j - 2 scrolls of teleportation {unknown}
 n - 2 scrolls of identify {unknown}
 p - a scroll of blinking {unknown}
 r - 3 scrolls of amnesia {unknown}
 s - a scroll of poison {unknown}
Potions
 c - a potion of flight {unknown}
 f - a potion of might {unknown}
 g - a potion of heal wounds {unknown}
 h - a potion of invisibility {unknown}
 o - 2 potions of berserk rage {unknown}
 q - a potion of attraction {unknown}


   Skills:
 - Level 3.6 Fighting
 + Level 4.7 Axes
 - Level 2.4 Armour
 - Level 2.1 Dodging
 - Level 2.0 Stealth


You had 2 spell levels left.
You didn't know any spells.
Your spell library was empty.

Dungeon Overview and Level Annotations

Branches:
Dungeon (3/15)

Altars:
Ru

Annotations:
D:3 Natasha


Innate Abilities, Weirdness & Mutations

You have a pair of horns on your head.
You reflexively headbutt those who attack you in melee.


Message History

Trog accepts your kill.
Natasha stares at you and mumbles some strange words.
You feel yourself slow down.
Found 8 gold pieces.
Natasha claws you but does no damage. The kobold misses you.
You see here a dart slug corpse.
You closely miss Natasha. You headbutt Natasha.
Natasha is heavily wounded.
You hit the kobold.
You kill the kobold!
Trog accepts your kill.
Natasha mumbles some strange words.
Natasha closely misses you.
Unknown command.
You barely miss Natasha.
Natasha is heavily wounded.
Natasha claws you but does no damage. Natasha completely misses you.
You hit Natasha. Your punch misses Natasha.
Natasha is heavily wounded.
You hit the white imp. The white imp spits at you. The white imp hits you.
The white imp freezes you. Natasha claws you but does no damage.
The white imp hits you but does no damage.
You closely miss Natasha. Your headbutt misses Natasha.
Natasha is heavily wounded.
You hit the white imp. Natasha claws you. The white imp hits you.
The white imp freezes you. Natasha closely misses you.
Unknown command.
You closely miss Natasha.
Natasha is heavily wounded.
You hit the white imp but do no damage. The white imp gestures at you.
The puff of frost hits you!
* * * LOW HITPOINT WARNING * * *
Natasha claws you.
* * * LOW HITPOINT WARNING * * *
The white imp gestures at you. The puff of frost hits you.
You die...

.. #### .... ....
.....
....######.....
.#...........
##.##....... #
#.$.#...#.# #.
#.5h#..<..# #..
#.#@#..####.#
#...##.##.....[.#
#..(......#######
#.......###
.......####
#######


You could see Natasha and a white imp (summoned).

Vanquished Creatures
  An adder (D:2)
  A dart slug (D:3)
  4 bats
  2 endoplasms (D:2)
  2 giant cockroaches
  3 goblins
  5 hobgoblins
  2 jackals (D:2)
  6 kobolds
  A quokka (D:2)
  3 ball pythons
  3 rats
33 creatures vanquished.

Notes
Turn   | Place    | Note
-------+----------+-------------------------------------------
     0 | D:1      | Newt the Minotaur Berserker began the quest for the Orb.
     0 | D:1      | Reached XP level 1. HP: 19/19 MP: 0/0
   296 | D:1      | Reached skill level 1 in Stealth
   621 | D:1      | Found a faded altar of an unknown god.
   666 | D:1      | Reached XP level 2. HP: 26/26 MP: 1/1
  1397 | D:2      | Reached skill level 4 in Axes
  1532 | D:2      | Reached XP level 3. HP: 31/31 MP: 2/2
  1541 | D:2      | Found a sacrificial altar of Ru.
  2053 | D:3      | Noticed Natasha
  2060 | D:3      | Killed from afar by a white imp

Illustrated notes

Levels and vault maps discovered:
D:1:      wander_arrival_fairy_ring, layout_basic, basic_ecumenical_altar
D:2:      layout_loops_ring, serial_glass, glass_columns_a, glass_columns_b,
          basic_altar
D:3:      layout_basic, marbit_many_paths, nemelex_dance_club_becter,
          nicolae_overflow_hidden_temple, serial_shops,
          nicolae_shop_statue_plus, minmay_distorted, uniq_natasha

Skill      XL: |  1  2 |
---------------+-------+-----
Stealth        | 1 2 |  2.0
Axes           | 4 |  4.7
Fighting       | |  3.6
Armour         | |  2.4
Dodging        | |  2.1

Action                   || total
-------------------------++-------
Melee: Hand axe          ||    60
       Headbutt          ||     8
       Punch             ||     1
 Stab: Sleeping          ||     2
Armor: Animal skin       ||    24
Dodge: Dodged            ||    49

Table legend: (Time is in decaauts)
 A = Elapsed time spent in this place.
 B = Non-inter-level travel time spent in this place.
 C = Inter-level travel time spent in this place.
 D = Time resting spent in this place.
 E = Time spent auto-exploring this place.
 F = Levels seen in this place.
 G = Mean time per level.
                   A        B        C        D        E       F      G
               +--------+--------+--------+--------+--------+-----+--------+
         Total |   2068 |   2016 |     52 |      0 |   1794 |   3 |  689.3 |
       Dungeon |   2068 |   2016 |     52 |      0 |   1794 |   3 |  689.3 |
               +--------+--------+--------+--------+--------+-----+--------+

Top non-repeatable levels by time:
     D:1: 1324 daAuts
     D:2: 724 daAuts
     D:3: 19 daAuts
